 Dungeon Crawl Stone Soup version 0.31.0-9-g3a7656b989 (console) character file.

Game seed: 11655650385810525929

16602 Cilian the Skirmisher (level 12, -8/99 HPs)
             Began as a Human Artificer on Jan 23, 2024.
             Was an Elder of Fedhas.
             Mangled by an unseen horror (9 damage)
             ... on level 9 of the Dungeon on Jan 24, 2024.
             The game lasted 02:07:28 (12896 turns).

Cilian the Skirmisher (Human Artificer)            Turns: 12896, Time: 02:07:35

Health: -8/99      AC: 10    Str: 12    XL:     12   Next: 39%
Magic:  16/16      EV: 17    Int: 13    God:    Fedhas [****..]
Gold:   593        SH:  0    Dex: 18    Spells: 11/11 levels left

rFire   . . .        z - +0 orcbow
rCold   . . .        (shield currently unavailable)
rNeg    . . .        M - +0 steam dragon scales
rPois   .            N - +0 helmet
rElec   .            (no cloak)
rCorr   .            n - +2 pair of gloves
SInv    .            K - +0 pair of boots
Will    .....        (no amulet)
Stlth   ++           v - +4 ring of slaying
HPRegen 0.36/turn    w - ring of flight
MPRegen 0.15/turn

%: no passive effects
@: silenced (expiring), flying
A: explore regen
a: Renounce Religion


You were on level 9 of the Dungeon.
You worshipped Fedhas.
Fedhas was greatly pleased with you.
You visited 2 branches of the dungeon, and saw 11 of its levels.
You also visited: Bailey.

You collected 606 gold pieces.
You spent 13 gold pieces at shops.

Inventory:

Hand Weapons
 f - the +6 long sword of the Magic Mushroom {drain, rCorr}
   (You took it off an orc on level 4 of the Dungeon)

   rCorr:     It protects you from acid and corrosion.
 z - a +0 orcbow (weapon)
 A - a +2 dagger of speed
 Q - a +0 arbalest
Missiles
 D - 7 curare-tipped darts
Armour
 n - a +2 pair of gloves (worn)
 s - a +1 leather armour
 u - +0 fire dragon scales
 G - a +2 robe of positive energy
 K - a +0 pair of boots (worn)
 L - a +3 scale mail
 M - +0 steam dragon scales (worn)
 N - a +0 helmet (worn)
Jewellery
 b - a ring of ice
 v - a +4 ring of slaying (left hand)
 w - a ring of flight (right hand)
 F - a +6 ring of dexterity
 S - a ring of willpower
Talismans
 x - a beast talisman
Wands
 c - a wand of flame (22)
 d - a wand of charming (14)
 e - a wand of iceblast (3)
Scrolls
 g - 4 scrolls of enchant weapon
 h - a scroll of blinking {unknown}
 i - 2 scrolls of poison
 l - a scroll of summoning
 m - 2 scrolls of teleportation
 q - 2 scrolls of immolation
 r - a scroll of vulnerability
 y - 2 scrolls of fog
 B - a scroll of noise {unknown}
 C - a scroll of acquirement {unknown}
 E - a scroll of amnesia
 P - a scroll of revelation
Potions
 a - a potion of berserk rage {unknown}
 j - 3 potions of curing
 k - 5 potions of attraction
 o - 5 potions of brilliance
 t - a potion of lignification
 H - a potion of heal wounds {unknown}
 I - a potion of might {unknown}
 J - a potion of invisibility {unknown}
 O - a potion of haste {unknown}
 R - a potion of mutation {unknown}


   Skills:
 - Level 10.8 Fighting
 - Level 14.6 Ranged Weapons
 - Level 2.0 Armour
 - Level 8.0 Dodging
 - Level 4.0 Stealth
 + Level 5.7 Invocations
 - Level 3.0 Evocations


You had 11 spell levels left.
You didn't know any spells.
Your spell library contained the following spells:

 Spells                   Type           Power      Damage    Failure   Level
 Apportation              Tloc           0%         N/A       30%         1
 Foxfire                  Conj/Fire      0%         2x1d4     30%         1
 Necrotise                Necr           0%         1d4       30%         1
 Shock                    Conj/Air       0%         1d3       30%         1
 Sting                    Conj/Alch      0%         1d3       30%         1
 Summon Small Mammal      Summ           0%         N/A       30%         1
 Mercury Vapours          Alch/Air       0%         N/A       43%         2
 Mephitic Cloud           Conj/Alch/Air  0%         N/A       67%         3
 Summon Ice Beast         Ice/Summ       0%         N/A       67%         3
 Volatile Blastmotes      Fire/Tloc      0%         2d10      67%         3
 Fulminant Prism          Conj/Alch      0%         3d5       97%         4
 Iskenderun's Mystic Bla  Conj/Tloc      0%         2d3       97%         4
 Olgreb's Toxic Radiance  Alch           0%         N/A       97%         4
 Freezing Cloud           Conj/Ice/Air   0%         6-21      100%        5
 Summon Mana Viper        Hex/Summ       0%         N/A       100%        5
 Monstrous Menagerie      Summ           0%         N/A       100%        7
 Ozocubu's Refrigeration  Ice            0%         4d7       100%        7
 Discord                  Hex            0%         N/A       100%        8


Dungeon Overview and Level Annotations

Branches:
Dungeon (10/15)            Temple (1/1) D:5          Bailey (visited)
   Lair: D:8-11         Orc: D:9-12

Altars:
Ashenzari
Cheibriados
Dithmenos
Elyvilon
Fedhas
Gozag
Hepliaklqana
Kikubaaqudgha
Makhleb
Nemelex Xobeh
Okawaru
Qazlal
Ru
Sif Muna
Trog
Uskayaw
Vehumet
Wu Jian
Xom
Yredelemnul
Zin
The Shining One

Shops:
D:3 !

Annotations:
D:5 1 runed translucent door, Crazy Yiuf
D:6 Grinder
D:7 3 runed translucent doors, GordonOverkill's ghost, novice KoRe; Name63's ghost, novice DjCj; flt's ghost, novice MfEE
D:9 exclusion: acid dragon, Erolcha


Innate Abilities, Weirdness & Mutations

You regain HP and MP as you explore.


Message History

Okay, then.
Magic scrolls do not work when you're silenced!
Press: ? - help, v - describe, . - travel
Here: Erolcha, wielding a +0 giant club, wearing a +0 robe and carrying a wand of paralysis The floor.
Unknown command.
Unknown command.
Erolcha zaps a wand.
You easily resist.
There is a stone staircase leading down here.
Something hits you.
* * * LOW HITPOINT WARNING * * *
Erolcha closely misses you.
You shoot an arrow. The arrow hits Erolcha!
Erolcha is moderately wounded.
Something hits you.
* * * LOW HITPOINT WARNING * * *
You shoot an arrow. The arrow barely misses Erolcha.
Something hits you!
* * * LOW HITPOINT WARNING * * *
Erolcha hits you with a +0 giant club!
* * * LOW HITPOINT WARNING * * *
You shoot an arrow. The arrow barely misses Erolcha.
Something barely misses you.
Okay, then.
Unknown command.
Unknown command.
You shoot an arrow. The arrow closely misses Erolcha.
Something closely misses you. Something hits you.
* * * LOW HITPOINT WARNING * * *
Erolcha casts a spell.
Erolcha blinks!
Something hits you.
* * * LOW HITPOINT WARNING * * *
You are too injured to fight recklessly!
Fire: z) +0 orcbow
Press: ? - help, Shift-Dir - straight line, f/p - Erolcha
Aim: Erolcha, wielding a +0 giant club, wearing a +0 robe and carrying a wand of paralysis (moderately wounded, 79% to hit)
You shoot an arrow.
The arrow hits Erolcha but does no damage.
Erolcha is moderately wounded.
Something hits you!
You die...
Fedhas appreciates your contribution to the ecosystem.

*,*,,,,,,,****,,* ##* *,**,,,,,** *,,*
#~#################*,**,,,,*** *,,*
#~#.......[........,,,...,,,.# *,,* ***
#~#..........##.##,*,##.####.## *,,* *#.**
#*##%#######.#*.#*,,,,........#**,,***,#.#############
**#########.#
#.#*.#**#,*#...>....,,,,,,,,##............#
*,........%.# #.#*.#
#.*#.#....#********,#......######.###
*,*######.#########.##.# #.##....#.#*~~~~~**#.#####.##
#~#.#~# *,* #..)..<......#.# #.....#...#******* ***
#...# #~#.#~# **,* #..########....# **#.......#*~~~~~*
#...#*#~#.#~~ **,,* #.## #.#..# #.>#.####*********
#.###~#~#.### ,,,,* #.# #...#######..#.# *,,,,,,,,,*
####...#~#~#.... ***,* #.# #...........@..#
*,***,**#.###...%.##~#~#.### ***+******#+#**
##.####..##...## *,* *,**.!........#**#~#.#~~
*,,,,*~~~*,,,,* #.#..........# *,* *,**.~~~~~~~..#
#~#.#~# *,,,,*****,,,,****
#.#.##.......##**,***,**.~#####~..# #S#.#~#
+,,,,,,,,,,,,,+,,**
#!#,##.O#......,,,,,,,,,,~#...#~.## ###.###
*,,,,,,,,,,,,,**,,* #..,......##.###*,,,,..,,~#.\.#~.#
#.#.# ***,,*****,,*****,*
#.#,##........,,,,,,,....~#...#~.## #....
*~*,,*~~~*,,*~* *,*
#.#.##..#.##.##*******,#.~##)##~..# ###.#
*~*,,*~~~*,,*~***,****,#.0000..#*,* *,#.~~~)~~~..# #.#
*~*,,*~~~*,,*~**,,,,,,,####O0#.##.# *,#..........# #.#
***,,*****,,****,******* #00.....# **,####.####..# #.#
*,,,,,,,,,,,,,**,* ##0#.########
**,*,**#.***#.#########.# +,,,,,,,,,,,,,+,,*
####.#........# *,***>,..,,,...#........#
*,,,,*****,,,,**,* #.......##***.#
*,,*,,###***#..#.########


You could see Erolcha.

Vanquished Creatures
  2 vault guards (Bailey)
  2 two-headed ogres (D:8)
  Pikel (D:6)
  An unseen horror (D:9)
  Jeremiah (D:8)
  A kobold demonologist (D:9)
  Prince Ribbit (Bailey)
  Sigmund (D:6)
  8 humans
  A wyvern (D:7)
  7 yaks
  A steam dragon (D:9)
  Menkaure (D:4)
  2 orc warriors
  2 black bears (D:6)
  An ice beast (D:7)
  An ogre (D:4)
  4 centaurs
  2 lemures (D:5)
  A phantom (D:7)
  Blork the orc (D:6)
  2 kobold brigands
  16 bullfrogs
  5 jellies
  2 scorpions
  3 wights (D:7)
  3 killer bees (D:9)
  3 howler monkeys (D:8)
  4 bombardier beetles
  2 hounds
  2 orc priests (D:6)
  2 iguanas
  8 orc wizards
  3 gnolls
  10 adders
  6 shadow imps
  2 white imps
  2 ufetubi (D:7)
  The ghost of fly the Sneak, a weakling KoDe (D:4)
  4 dart slugs
  A ribbon worm (D:4)
  39 orcs
  8 endoplasms
  5 giant cockroaches
  12 goblins
  7 hobgoblins
  3 jackals (D:3)
  10 kobolds
  3 quokkas
  6 ball pythons
  5 bats
  5 frilled lizards
  7 rats
233 creatures vanquished.

Vanquished Creatures (others)
  A sleepcap (D:6)
  An orc (D:6)
2 creatures vanquished.

Grand Total: 235 creatures vanquished

Notes
Turn   | Place    | Note
-------+----------+-------------------------------------------
     0 | D:1      | Cilian the Human Artificer began the quest for the Orb.
     0 | D:1      | Reached XP level 1. HP: 15/15 MP: 1/1
   119 | D:1      | Reached XP level 2. HP: 11/21 MP: 2/2
   663 | D:1      | Reached XP level 3. HP: 27/27 MP: 3/3
  1182 | D:2      | Reached skill level 1 in Ranged Weapons
  1632 | D:2      | Reached XP level 4. HP: 34/34 MP: 4/4
  2213 | D:3      | Reached skill level 2 in Ranged Weapons
  2213 | D:3      | Reached XP level 5. HP: 31/38 MP: 5/5
  2505 | D:3      | Found Woiveaci's Distillery.
  2513 | D:3      | Bought a potion of degeneration for 13 gold pieces
  2570 | D:3      | Reached skill level 3 in Ranged Weapons
  2870 | D:3      | Reached XP level 6. HP: 44/47 MP: 6/6
  2943 | D:4      | Found a runed translucent door.
  3285 | D:4      | Noticed Menkaure
  3955 | D:4      | Killed Menkaure
  3956 | D:4      | Reached skill level 4 in Ranged Weapons
  4176 | D:4      | Found a runed translucent door.
  4184 | D:4      | Noticed fly's ghost (weakling KoDe)
  4199 | D:4      | Killed fly's ghost
  4202 | D:4      | Reached XP level 7. HP: 52/54 MP: 7/7
  4300 | D:4      | Identified the +6 long sword of the Magic Mushroom {drain,
                  | rCorr}
  5620 | D:4      | Reached skill level 5 in Ranged Weapons
  5686 | D:5      | Entered Level 5 of the Dungeon
  5927 | D:5      | Found a staircase to the Ecumenical Temple.
  5934 | Temple   | Entered the Ecumenical Temple
  5947 | Temple   | Became a worshipper of Fedhas Madash
  6307 | D:5      | Found a runed translucent door.
  6308 | D:5      | Noticed Crazy Yiuf
  6339 | D:5      | Got Practicing Hocus-Pocus
  6433 | D:5      | Found a shimmering blue altar of Sif Muna.
  6489 | D:5      | Reached skill level 6 in Ranged Weapons
  6489 | D:5      | Reached XP level 8. HP: 31/61 MP: 8/8
  6770 | D:6      | Reached skill level 5 in Fighting
  6811 | D:6      | Noticed Pikel
  7342 | D:6      | Killed Pikel
  7343 | D:6      | Reached skill level 7 in Ranged Weapons
  7460 | D:6      | Found an ancient bone altar of Kikubaaqudgha.
  7465 | D:6      | Found a shadowy altar of Dithmenos.
  7470 | D:6      | Found a stormy altar of Qazlal.
  7472 | D:6      | Found a radiant altar of Vehumet.
  7479 | D:6      | Found an opulent altar of Gozag.
  7529 | D:5      | Reached skill level 8 in Ranged Weapons
  7694 | D:6      | Found a bloodstained altar of Trog.
  7861 | D:6      | Reached * piety under Fedhas
  7862 | D:6      | Reached XP level 9. HP: 70/70 MP: 9/9
  7889 | D:6      | Noticed Sigmund
  8116 | D:6      | Killed Sigmund
  8348 | D:6      | Noticed Blork the orc
  8392 | D:6      | Killed Blork the orc
  8393 | D:6      | Reached skill level 9 in Ranged Weapons
  8435 | D:6      | Noticed Grinder
  8522 | D:7      | Reached skill level 12 in Ranged Weapons
  8522 | D:7      | Reached XP level 10. HP: 83/83 MP: 10/10
  8523 | D:7      | Reached skill level 14 in Ranged Weapons
  8523 | D:7      | Reached XP level 11. HP: 89/89 MP: 11/11
  9009 | D:7      | Reached ** piety under Fedhas
  9169 | D:7      | Found a runed translucent gate.
  9170 | D:7      | Found a runed translucent gate.
  9171 | D:7      | Found a runed translucent gate.
  9172 | D:7      | Noticed flt's ghost (novice MfEE)
  9173 | D:7      | Noticed GordonOverkill's ghost (novice KoRe)
  9173 | D:7      | Noticed Name63's ghost (novice DjCj)
 10026 | D:8      | Noticed a two-headed ogre
 10039 | D:8      | Noticed a two-headed ogre
 10597 | D:8      | Noticed Jeremiah
 10614 | D:8      | Found a sparkling altar of Nemelex Xobeh.
 10989 | D:9      | Reached *** piety under Fedhas
 11012 | D:9      | Found a flagged portal.
 11018 | Bailey   | Entered a bailey
 11033 | Bailey   | Reached skill level 10 in Fighting
 11251 | Bailey   | Noticed Prince Ribbit
 11264 | Bailey   | Killed Prince Ribbit
 11499 | Bailey   | Noticed a vault guard
 11668 | Bailey   | Killed a vault guard
 11774 | Bailey   | Noticed a vault guard
 11917 | Bailey   | Killed a vault guard
 11918 | Bailey   | Reached XP level 12. HP: 99/99 MP: 12/12
 12116 | D:9      | Reached skill level 1 in Invocations
 12220 | D:9      | Noticed Erolcha
 12222 | D:9      | Upgraded the game from 0.31.0-4-g52a2dc7128 to
                  | 0.31.0-9-g3a7656b989
 12296 | D:8      | Killed Jeremiah
 12515 | D:8      | Killed a two-headed ogre
 12515 | D:8      | Reached **** piety under Fedhas
 12587 | D:8      | Killed a two-headed ogre
 12756 | D:9      | Reached skill level 5 in Invocations
 12841 | D:10     | Entered Level 10 of the Dungeon
 12894 | D:9      | HP: 4/99 [something (1)]
 12895 | D:9      | HP: 1/99 [something (4)]
 12896 | D:9      | Mangled by an unseen horror

Illustrated notes

Levels and vault maps discovered:
D:1:      heliophobic_arrival_ceremonial_halls, layout_loops_ring,
          serial_bayou_lagoon_b
D:2:      layout_basic, serial_curves, eino_curves_02, eino_curves_02
D:3:      minmay_chambers_of_twos, layout_rooms, serial_shops,
          nicolae_diamond_shop
D:4:      layout_basic, ebering_ghost_sewer_f, uniq_menkaure
D:5:      layout_basic, kennysheep_mini, minmay_temple_entry_steel_oval,
          dreamdust_princess_corridor, minivault_11, uniq_crazy_yiuf_cottage
D:6:      layout_basic, nicolae_overflow_hallway_of_the_gods,
          trog_ov_bears_minmay, uniq_pikel, uniq_grinder, uniq_blork_the_orc,
          uniq_sigmund
D:7:      layout_basic, serial_demonic, serial_demonic_g, serial_demonic_f,
          serial_demonic_b, serial_demonic_c, serial_demonic_b,
          gammafunk_ghost_cemetery, minmay_ruffians
D:8:      layout_cave_pools, nemelex_xobeh_ov_fountains_minmay, minmay_orc_keep,
          uniq_jeremiah
D:9:      layout_loops_ring, enter_bailey_3, serial_aquarium,
          aquarium_bridge_square [aquarium_subvault_window,
          aquarium_subvault_bridge, aquarium_subvault_bridge,
          aquarium_subvault_bridge], aquarium_window_fake,
          aquarium_window_double, aquarium_window_fake, aquarium_view_2a,
          aquarium_pool_five, uniq_erolcha, uniq_erica, uniq_amaemon
D:10:     layout_cave_pools, david_orc_5, serial_shops, shop,
          nicolae_shop_gadgets
Temple:   dpeg_chambers_temple

Skill      XL: |  1  2  3  4  5  6  7  8  9 10 11 12 |
---------------+-------------------------------------+-----
Stealth        | 2 3 4 |  4.0
Fighting       | 2 3 4 6 9 10 | 10.8
Ranged Weapons | 1 2 3 4 6 8 12 14 | 14.6
Dodging        | 6 7 8 |  8.0
Invocations    | 5 |  5.7
Armour         | |  2.0
Evocations     | |  3.0

Action                     |  1- 3 |  4- 6 |  7- 9 | 10-12 || total
---------------------------+-------+-------+-------+-------++-------
  Melee: Club              |    55 |       |       |       ||    55
         Dagger            |    17 |       |       |       ||    17
         Whip              |    19 |     9 |       |       ||    28
   Fire: Sling             |    22 |   143 |    33 |       ||   198
         Orcbow            |       |       |   195 |   437 ||   632
  Throw: Dart              |       |       |       |     7 ||     7
  Evoke: Wand              |     3 |     8 |     7 |     2 ||    20
    Use: Scroll            |     5 |     2 |     7 |     7 ||    21
         Potion            |     1 |     1 |     1 |     1 ||     4
 Armour: Scale mail        |    48 |    54 |       |    67 ||   169
         Leather armour    |       |    22 |   111 |       ||   133
         Robe              |       |       |     6 |    18 ||    24
         Fire dragon scale |       |       |       |    21 ||    21
         Steam dragon scal |       |       |       |    39 ||    39
  Dodge: Dodged            |    54 |    43 |    76 |   102 ||   275
